 Dungeon Crawl Stone Soup version 0.31-a0-564-g3b7de120b3 (webtiles) character file.

Game seed: 8467572377882041552

46 nono the Sneak (level 3, 0/20 HPs)
             Began as a Vine Stalker Delver on Aug 17, 2023.
             Was an Initiate of Okawaru.
             Slain by a kobold brigand
             ... wielding a +0 club
              (4 damage)
             ... in a sewer.
             The game lasted 00:02:59 (615 turns).

nono the Sneak (Vine Stalker Delver)                 Turns: 615, Time: 00:03:00

Health: 0/20       AC:  5    Str: 16    XL:     3   Next: 66%
Magic:  0/4        EV: 11    Int: 10    God:    Okawaru [......]
Gold:   82         SH:  0    Dex: 15    Spells: 2/2 levels left

rFire   . . .        a - +0 mace
rCold   . . .        (no shield)
rNeg    . . .        h - +0 ring mail
rPois   .            (no helmet)
rElec   .            (no cloak)
rCorr   .            (no gloves)
SInv    .            (no boots)
Will    .....        (no amulet)
Stlth   +++          (no ring)
HPRegen 0.23/turn    (no ring)
MPRegen 0.09/turn

%: guardian spirit
@: attractive, hasted and slowed
A: fangs 2, magic shield, antimagic bite, no potion heal 2
a: Renounce Religion


You were in a sewer.
You worshipped Okawaru.
Okawaru was noncommittal.
You visited 2 branches of the dungeon, and saw 4 of its levels.
You also visited: Sewer.

You collected 82 gold pieces.

Inventory:

Hand Weapons
 a - a +0 mace (weapon)
Armour
 b - a +0 leather armour
 h - a +0 ring mail (worn)
Wands
 g - a wand of digging (3)
Scrolls
 c - a scroll of fog
 d - a scroll of revelation
 e - a scroll of fear
 i - 2 scrolls of identify {unknown}


   Skills:
 + Level 3.1 Fighting
 + Level 2.3 Maces & Flails
 + Level 1.1 Armour
 - Level 1.6 Dodging
 + Level 6.4 Stealth


You had 2 spell levels left.
You didn't know any spells.
Your spell library was empty.

Dungeon Overview and Level Annotations

Branches:
Dungeon (5/15)             Temple (1/1) D:4           Sewer (1/1)

Altars:
Ashenzari
Cheibriados
Dithmenos
Elyvilon
Fedhas
Gozag
Hepliaklqana
Kikubaaqudgha
Makhleb
Nemelex Xobeh
Okawaru
Qazlal
Trog
Uskayaw
Vehumet
Wu Jian
The Shining One

Annotations:
D:4 Eustachio
Temple 2 transporters


Innate Abilities, Weirdness & Mutations

You have extremely sharp teeth.
When hurt, damage is shared between your health and your magic reserves.
Your bite disrupts and absorbs the magic of your enemies.
Potions cannot restore your health.


Message History

Moving in this stuff is going to be slow.
You enter the shallow water.
Moving in this stuff is going to be slow.
You enter the shallow water.
Moving in this stuff is going to be slow.
A kobold brigand comes into view.
It is wielding a +0 club and quivering curare-tipped darts.
The kobold brigand shouts!
A rat comes into view.
The kobold brigand throws a curare-tipped dart.
The curare-tipped dart hits you.
You are poisoned.
You have difficulty breathing.
You feel yourself slow down.
Okay, then.
Okay, then.
You feel very sick.
The kobold brigand throws a curare-tipped dart.
The curare-tipped dart closely misses you.
You feel sick.
You feel sick.
You closely miss the kobold brigand.
You bite the kobold brigand, but do no damage.
You feel sick.
The kobold brigand hits you with a +0 club.
The kobold brigand splashes around in the water.
You closely miss the kobold brigand. Your bite misses the kobold brigand.
You feel sick.
You are no longer poisoned.
The kobold brigand misses you.
The kobold brigand hits you with a +0 club.
* * * LOW HITPOINT WARNING * * *
You feel yourself speed up.
The kobold brigand splashes around in the water.
It was a potion of attraction.
You feel attractive to monsters. The kobold brigand misses you.
You sock the kobold brigand! You punch the kobold brigand.
Your bite misses the kobold brigand.
The kobold brigand is moderately wounded.
The kobold brigand hits you with a +0 club.
You die...

#...########
#..~...# ##~.~.~###
# ##.~~~..### ~#
#.~.~~~.~###~# #.
#.~~.#~#...~#~##...
#..~~~#~#.~.~~~~~..~
#P..~.#~#.....~..~..
#..P..#~#..@.P~.~~..
#.P..~#~#.~#K#~~~.~~
#.~#########~#.~~...
#~#~.~..r #~# ~.~.P
.~# ~..P~ #~# ~..P
#~#


You could see a kobold brigand.

Vanquished Creatures
  A river rat (Sewer)
  3 adders
  2 goblins (D:4)
  A jackal (Sewer)
  A quokka (D:4)
  A ball python (Sewer)
  3 rats (Sewer)
12 creatures vanquished.

Notes
Turn   | Place    | Note
-------+----------+-------------------------------------------
     0 | D:5      | nono the Vine Stalker Delver began the quest for the Orb.
     0 | D:5      | Reached XP level 1. HP: 11/11 MP: 2/2
   157 | D:4      | Found a staircase to the Ecumenical Temple.
   169 | Temple   | Found a transporter.
   169 | Temple   | Found a transporter.
   169 | Temple   | Found a transporter.
   169 | Temple   | Found a transporter.
   169 | Temple   | Entered the Ecumenical Temple
   191 | Temple   | Became a worshipper of Warmaster Okawaru
   416 | D:4      | Noticed Eustachio
   429 | D:3      | Reached XP level 2. HP: 16/16 MP: 3/3
   430 | D:3      | Found a faded altar of an unknown god.
   475 | D:3      | Found a glowing drain.
   525 | Sewer    | Entered a sewer
   533 | Sewer    | Reached XP level 3. HP: 20/20 MP: 4/4
   586 | Sewer    | Reached skill level 1 in Armour
   605 | Sewer    | Noticed a kobold brigand
   615 | Sewer    | Slain by a kobold brigand

Illustrated notes

Levels and vault maps discovered:
D:3:      layout_loops_ring, nicolae_overflow_ecumenical_swirl,
          portal_sewer_entry_d, uniq_crazy_yiuf_cottage
D:4:      kennysheep_spiral_hall, layout_loops_corners,
          minmay_temple_entry_mini_moons, uniq_eustachio
D:5:      layout_basic, serial_corexii_hall, chequers_hall_statues_wall_a,
          corexii_hall_statues_i
Temple:   hellmonk_temple_divided_pantheon
Sewer:    sewer_co_scattered_pipes

Skill      XL: |  1  2  3 |
---------------+----------+-----
Maces & Flails | 2 |  2.3
Fighting       | 3 |  3.1
Armour         | 1 |  1.1
Dodging        | |  1.6
Stealth        | |  6.4

Action                     || total
---------------------------++-------
  Melee: Mace              ||    41
         Bite              ||    11
         Punch             ||     1
    Use: Potion            ||     2
   Stab: Sleeping          ||     1
 Armour: Ring mail         ||    11
         Leather armour    ||     1
  Dodge: Dodged            ||    38

Table legend: (Time is in decaauts)
 A = Elapsed time spent in this place.
 B = Non-inter-level travel time spent in this place.
 C = Inter-level travel time spent in this place.
 D = Time resting spent in this place.
 E = Time spent auto-exploring this place.
 F = Levels seen in this place.
 G = Mean time per level.
                   A        B        C        D        E       F      G
               +--------+--------+--------+--------+--------+-----+--------+
         Total |    640 |    630 |     10 |     54 |    120 |   5 |  128.0 |
       Dungeon |    493 |    483 |     10 |     32 |    118 |   3 |  164.3 |
        Temple |     42 |     42 |      0 |      0 |      0 |   1 |   42.0 |
         Sewer |    105 |    105 |      0 |     22 |      2 |   1 |  105.0 |
               +--------+--------+--------+--------+--------+-----+--------+

Top non-repeatable levels by time:
     D:4: 352 daAuts
     D:3: 111 daAuts
   Sewer: 105 daAuts
  Temple: 42 daAuts
     D:5: 28 daAuts
